 Dungeon Crawl Stone Soup version 0.28.0 (webtiles) character file.

Game seed: 4307325116173679162

2318 hikkokomori the Fighter (level 9, -20/75 HPs)
             Began as a Formicid Fighter on Feb 11, 2022.
             Demolished by Harold (40 damage)
             ... on level 7 of the Dungeon.
             The game lasted 00:14:36 (8009 turns).

hikkokomori the Fighter (Formicid Fighter)          Turns: 8009, Time: 00:14:36

Health: -20/75     AC: 16    Str: 25    XL:     9   Next: 69%
Magic:  9/9        EV:  7    Int:  8    God:
Gold:   151        SH:  4    Dex: 10    Spells: 8/8 levels left

rFire   . . .      SeeInvis +   E - +4 quarterstaff (chaos)
rCold   + . .      Faith    .   c - +0 buckler
rNeg    . . .      Spirit   .   g - +0 plate armour
rPois   .          Reflect  .   (helmet unavailable)
rElec   .          Harm     .   F - +1 cloak
rCorr   .          Rampage  .   (no gloves)
Will    .....                   (no boots)
Stlth   ..........              (no amulet)
HPRegen 0.22/turn               i - ring of protection from cold
MPRegen 0.11/turn               (no ring)

@: marked, invisible
A: permanent stasis, dig shafts and tunnels, antennae 3, four strong arms
a: Dig, Shaft Self


You were on level 7 of the Dungeon.
You visited 1 branch of the dungeon, and saw 7 of its levels.
You also visited: Ossuary.

You collected 261 gold pieces.
You spent 110 gold pieces at shops.

Inventory:

Hand Weapons
 a - a +0 quarterstaff
 u - a +1 trident of flaming
 x - a +0 vampiric trident
 E - a +4 quarterstaff of chaos (weapon)
Missiles
 t - 22 poisoned darts
Armour
 b - a +0 scale mail
 c - a +0 buckler (worn)
 g - a +0 plate armour (worn)
 D - a +1 scale mail of cold resistance
 F - a +1 cloak (worn)
Jewellery
 i - a ring of protection from cold (left hand)
 y - an amulet of regeneration
Wands
 r - a wand of flame (12)
 G - a wand of iceblast (7)
Scrolls
 e - 5 scrolls of teleportation
 l - a scroll of vulnerability
 n - a scroll of noise {unknown}
 p - a scroll of blinking {unknown}
 s - a scroll of fear
 v - a scroll of enchant weapon {unknown}
 z - a scroll of immolation {unknown}
 C - a scroll of holy word {unknown}
 H - 2 scrolls of amnesia {unknown}
Potions
 d - a potion of might
 f - 5 potions of curing
 h - a potion of magic {unknown}
 j - a potion of invisibility
 k - a potion of degeneration {unknown}
 m - 2 potions of ambrosia
 o - 2 potions of resistance
 q - a potion of brilliance
 w - 2 potions of cancellation
 A - a potion of mutation
 B - a potion of heal wounds


   Skills:
 + Level 8.5 Fighting
 + Level 4.6(5.9) Polearms
 - Level 5.6(6.4) Staves
 + Level 8.3 Armour
 - Level 3.6 Shields


You had 8 spell levels left.
You didn't know any spells.
Your spell library contained the following spells:

 Spells                   Type           Power      Damage    Failure   Level
 Ensorcelled Hibernation  Hex/Ice        0%         N/A       100%        2
 Gell's Gravitas          Tloc           0%         N/A       100%        3
 Lesser Beckoning         Tloc           0%         N/A       100%        3
 Spider Form              Tmut/Pois      0%         N/A       100%        3
 Teleport Other           Tloc           0%         N/A       100%        3
 Anguish                  Hex/Necr       0%         N/A       100%        4


Dungeon Overview and Level Annotations

Branches:
Dungeon (7/15)            Ossuary (visited)
 Temple: D:4-7

Altars:
Ashenzari
Ru
Wu Jian

Shops:
D:2 (   D:5 *

Annotations:
D:5 2 transporters, crazypyro's ghost, novice OgBe
D:7 Harold


Innate Abilities, Weirdness & Mutations

You cannot be hasted, slowed, berserked, paralysed or teleported.
You can dig through walls and to a lower floor.
You have a pair of large antennae on your head. (SInv)
Your four strong arms can wield two-handed weapons with a shield.


Message History

Here: Harold, wielding a +0 dire flail, wearing a +2 ring mail of fire resistance and quivering 2 throwing nets (lightly wounded, poisoned) Item here: a poisoned dart.
The floor.
You fade into invisibility!
Harold hits you with a +0 dire flail!
You catch the helpless Harold completely off-guard!
You hit Harold but do no damage.
Harold seems to grow stronger.
Harold is lightly wounded.
An iguana comes into view.
Harold gestures at something while chanting.
Harold closely misses you.
You thump Harold! You burn Harold.
Harold is moderately wounded.
The iguana hisses angrily.
You hit Harold.
Harold is moderately wounded.
Harold looks more healthy.
Harold casts a spell at you. A sentinel's mark forms upon you.
The iguana bites you!
You barely miss Harold.
Harold is moderately wounded.
Harold hits you with a +0 dire flail!!
* * * LOW HITPOINT WARNING * * *
The iguana barely misses you.
You hit Harold.
Harold is moderately wounded.
Harold barely misses you.
The iguana bites you but does no damage.
Found a stone staircase leading up.
Harold closely misses you.
There is a stone staircase leading up here.
You feel much better. Harold hits you with a +0 dire flail!
* * * LOW HITPOINT WARNING * * *
You hit the iguana.
The iguana is moderately wounded.
The iguana bites you but does no damage.
Harold hits you with a +0 dire flail!!!
Ouch! That really hurt!
You die...

####...# # ......
.# <.... ..# ...
...# ### #.# ....#
####..##.####.(...#
............(.....#
.......@@.........#
........l.........#
..###...###.....###
##### #.....# {
......# ......+
......# ##...#


You could see Harold (strong) and an iguana.

Vanquished Creatures
  Pikel (D:4)
  A water moccasin (D:4)
  A black bear (D:5)
  An ogre (D:4)
  2 centaurs (D:6)
  A phantom (D:3)
  An elf zombie (Ossuary)
  6 killer bees
  A bullfrog zombie (D:5)
  Crazy Yiuf (D:5)
  2 hounds (D:4)
  3 human zombies (Ossuary)
  A centaur zombie (Ossuary)
  4 jellies
  A gnoll shaman (D:3)
  Ijyb (D:3)
  5 orc wizards
  A scorpion zombie (D:5)
  5 iguanas
  A killer bee zombie (D:5)
  2 hound zombies (Ossuary)
  3 mummies (Ossuary)
  A howler monkey zombie (D:5)
  4 gnolls
  5 adders
  2 adder zombies (Ossuary)
  3 worms
  2 dart slugs
  15 orcs
  5 ball pythons
  5 bats
  5 endoplasms
  2 giant cockroaches
  3 gnoll zombies (Ossuary)
  6 goblins
  8 hobgoblins
  6 kobolds
  4 quokkas
  4 frilled lizards
  2 goblin zombies (Ossuary)
  2 hobgoblin zombies (Ossuary)
  7 jackal zombies (Ossuary)
  A kobold zombie (Ossuary)
  5 quokka zombies
  7 rats
  8 rat zombies
157 creatures vanquished.

Notes
Turn   | Place    | Note
-------+----------+-------------------------------------------
     0 | D:1      | hikkokomori the Formicid Fighter began the quest for the
                  | Orb.
     0 | D:1      | Reached XP level 1. HP: 18/18 MP: 1/1
   142 | D:1      | Reached XP level 2. HP: 24/24 MP: 2/2
   915 | D:2      | Reached XP level 3. HP: 21/30 MP: 3/3
  1067 | D:2      | Found Azockabuipn's Weapon Shoppe.
  1616 | D:2      | Found a faded altar of an unknown god.
  1955 | D:3      | Reached XP level 4. HP: 28/37 MP: 4/4
  2187 | D:3      | Noticed Ijyb
  2204 | D:3      | Killed Ijyb
  2653 | D:3      | Reached XP level 5. HP: 38/43 MP: 5/5
  3158 | D:4      | HP: 2/43 [iguana (7)]
  3482 | D:4      | Noticed Pikel
  3482 | D:4      | Noticed a lemure
  3482 | D:4      | Noticed a lemure
  3482 | D:4      | Noticed an ogre
  3824 | D:4      | Reached XP level 6. HP: 31/50 MP: 6/6
  3837 | D:4      | Reached skill level 5 in Fighting
  4081 | D:3      | Reached skill level 5 in Armour
  4392 | D:3      | Reached XP level 7. HP: 39/56 MP: 7/7
  4699 | D:4      | Killed Pikel
  4700 | D:4      | Reached skill level 5 in Staves
  4700 | D:4      | Reached XP level 8. HP: 65/65 MP: 8/8
  5099 | D:5      | Entered Level 5 of the Dungeon
  5122 | D:5      | Found a broken altar of Ashenzari.
  5179 | D:5      | Reached skill level 1 in Polearms
  5841 | D:5      | Reached XP level 9. HP: 63/72 MP: 9/9
  6041 | D:5      | Found Unusyh's General Store.
  6065 | D:5      | Bought a wand of flame (8) for 55 gold pieces
  6065 | D:5      | Bought a potion of heal wounds for 55 gold pieces
  6172 | D:5      | Found a runed translucent door.
  6173 | D:5      | Noticed Crazy Yiuf
  6225 | D:5      | Found a transporter.
  6227 | D:5      | Noticed crazypyro's ghost (novice OgBe)
  6286 | D:5      | Found a transporter.
  6555 | D:5      | Found a sacrificial altar of Ru.
  6606 | D:5      | Killed Crazy Yiuf
  6761 | D:6      | Found a sand-covered staircase.
  6775 | Ossuary  | Entered an ossuary
  7655 | D:6      | Found an ornate altar of the Wu Jian Council.
  7993 | D:7      | Noticed Harold
  8009 | D:7      | Demolished by Harold

Illustrated notes

Levels and vault maps discovered:
D:1:      zaba_arrival_water, layout_loops_ring, chequers_serial_rivers_room_a,
          nicolae_figureground_sparkle
D:2:      layout_basic, hellmonk_ecumenical_altar_pennies_from_heaven,
          serial_shops, nicolae_shop_bloodbath_and_beyond
D:3:      layout_loops_corners, hangedman_abyss_or_decor_lesser_grid,
          roderic_lattice_a, uniq_ijyb
D:4:      kb_forest_paths, layout_loops_cross, minmay_misc_feat_tiny, uniq_pikel
D:5:      layout_basic, nicolae_ru_path_of_blood, ashenzari_altar_1,
          serial_shops, shop, gammafunk_ghost_stat_death,
          uniq_crazy_yiuf_cottage
D:6:      layout_loops_ring, nzn_wu_jian_contemplation, enter_ossuary_4,
          serial_park_tiny_pond
D:7:      layout_gridville, mainiacjoe_overflow_big_doors,
          minmay_temple_entry_trees, uniq_joseph, uniq_harold

Skill      XL: |  1  2  3  4  5  6  7  8  9 |
---------------+----------------------------+-----
Fighting       | 4 5 6 7 8 |  8.5
Staves         | 3 4 5 |  5.6
Armour         | 4 5 6 7 8 |  8.3
Polearms       | 2 4 |  4.6
Shields        | |  3.6

Action                   |  1- 3 |  4- 6 |  7- 9 || total
-------------------------+-------+-------+-------++-------
Melee: Quarterstaff      |    82 |   140 |   195 ||   417
       Trident           |       |       |   156 ||   156
Throw: Dart              |       |       |     5 ||     5
 Abil: Dig               |       |     1 |     1 ||     2
Evoke: Wand              |       |       |     3 ||     3
  Use: Scroll            |       |     5 |     7 ||    12
       Potion            |       |       |     7 ||     7
 Stab: Invisible         |       |       |     1 ||     1
Armor: Scale mail        |     8 |       |       ||     8
       Plate armour      |    35 |    72 |   180 ||   287
       Skin              |       |       |    54 ||    54
Dodge: Dodged            |    19 |    49 |   118 ||   186
Block: Buckler           |    11 |    27 |    90 ||   128
